cohdb
Replays
Latest Replays
All Replays
Popular Replays
Top Player Replays
Match Explorer
How It Works
Community
CoH3 Stats
Reddit
Sign in to upload your games and track your stats! →
Sign in with Steam
Match 46952195
Unlisted
Match 46952195
Overview
Messages
Build Orders
End
Kettenkrad Recon Vehicle
Construct Infanterie Kompanie
Selects Terror Battlegroup
Selects Machine Gun Camouflage
MG 42 Machine Gun Team
Grenadier Squad
MG 42 Machine Gun Team
MG 42 Machine Gun Team
Construct Panzergrenadier Kompanie
Panzergrenadier Squad
Medical Station
Panzergrenadier Officer Quarters
Panzergrenadier Squad
Support Elements
Pak 40 Anti-tank Gun Team
251 Medium Carrier
Construct Panzer Kompanie
Selects No Quarter
Selects Interrogate
Selects Propaganda Leaflet Drop
RYUBI
Пингвин Пороро
killermanlyu
Shingles
Gunshy
KillerKermit
0
0
Comments
sign in to comment!
No comments posted yet!